 Dungeon Crawl Stone Soup version 0.28-a0-178-ga708605c5b (webtiles) character file.

Game seed: 18109204687210959096

151 Ezendos the Ogre Mage (level 5, -1/53 HPs)
             Began as an Ogre Venom Mage on Aug 17, 2021.
             Was an Initiate of Vehumet.
             Killed from afar by Blork the orc (10 damage)
             ... with a puff of frost
             ... on level 4 of the Dungeon.
             The game lasted 00:05:09 (4475 turns).

Ezendos the Ogre Mage (Ogre Venom Mage)             Turns: 4475, Time: 00:05:10

Health: -1/53      AC:  3    Str: 12    XL:     5   Next: 33%
Magic:  3/10       EV:  9    Int: 17    God:    Vehumet [......]
Gold:   112        SH:  5    Dex:  9    Spells: 8/11 levels left

rFire   . . .      SeeInvis .   p - +1 dagger (freeze)
rCold   . . .      Faith    .   (no shield)
rNeg    . . .      Spirit   .   a - +0 robe
rPois   .          Reflect  +   (helmet restricted)
rElec   .          Harm     .   (no cloak)
rCorr   .          Rampage  .   (gloves unavailable)
Will    .....                   (boots unavailable)
Stlth   +.........              q - amulet of reflection
HPRegen 0.17/turn               (no ring)
MPRegen 0.12/turn               (no ring)

@: hasted, very quick
A: large, unfitting armour, tough skin 1
a: Renounce Religion


You were on level 4 of the Dungeon.
You worshipped Vehumet.
Vehumet was noncommittal.
You visited 1 branch of the dungeon, and saw 4 of its levels.

You collected 112 gold pieces.

Inventory:

Hand Weapons
 e - a +0 short sword
 p - a +1 dagger of freezing (weapon)
Armour
 a - a +0 robe (worn)
Jewellery
 q - an amulet of reflection (around neck)
Scrolls
 b - a scroll of enchant weapon {unknown}
 f - a scroll of enchant armour {unknown}
 g - a scroll of amnesia {unknown}
 i - a scroll of brand weapon {unknown}
 k - a scroll of teleportation {unknown}
 l - a scroll of silence {unknown}
 m - a scroll of holy word {unknown}
 n - a scroll of fog {unknown}
Potions
 h - a potion of might


   Skills:
 + Level 3.2 Fighting
 - Level 1.7 Dodging
 - Level 1.4 Stealth
 + Level 3.8 Spellcasting
 - Level 0.8 Transmutations
 + Level 1.3 Air Magic
 + Level 3.5 Poison Magic


You had 8 spell levels left.
You knew the following spells:

 Your Spells              Type           Power      Damage    Failure   Level
a - Sting                 Tmut/Pois      40%        1d5       6%          1
b - Poisonous Vapours     Pois/Air       22%        N/A       9%          2

Your spell library contained the following spells:

 Spells                   Type           Power      Damage    Failure   Level
 Corona                   Hex            3%         N/A       16%         1
 Ensorcelled Hibernation  Hex/Ice        6%         N/A       24%         2
 Mephitic Cloud           Conj/Pois/Air  8%         N/A       24%         3
 Olgreb's Toxic Radiance  Pois           15%        N/A       36%         4
 Tukima's Dance           Hex            3%         N/A       43%         3


Dungeon Overview and Level Annotations

Branches:
Dungeon (4/15)
 Temple: D:4-7

Altars:
Vehumet
Yredelemnul

Annotations:
D:4 Blork the orc


Innate Abilities, Weirdness & Mutations

You are too large for most types of armour.
You have tough skin. (AC +1)


Message History

Poisonous vapours surround Blork the orc!
Blork the orc looks even sicker.
You block Blork the orc's attack.
Casting: Poisonous Vapours (safe; 9% risk of failure)
Confirm with . or Enter, or press ? or * to list all spells.
Aiming: Sting (safe; 6% risk of failure)
Press: ? - help, Shift-Dir - straight line, f/p - Blork the orc
Aim: Blork the orc, wielding a +0 scimitar and wearing a +0 robe of positive energy (moderately wounded, fast, very poisoned, 75% to hit)
The sting misses Blork the orc.
Blork the orc looks satisfied for a moment.
You hit Blork the orc. You freeze Blork the orc.
Blork the orc is moderately wounded.
Blork the orc casts a spell at you. The magic dart hits you!
Blork the orc casts a spell at you. The magic dart hits you!
You closely miss Blork the orc.
Blork the orc is moderately wounded.
Blork the orc screams, "I'll make a cloak from your skin!"
Blork the orc barely misses you.
You hit Blork the orc but do no damage.
Blork the orc is moderately wounded.
Blork the orc hits you with a +0 scimitar!
* * * LOW HITPOINT WARNING * * *
You block Blork the orc's attack.
As you read the scroll labelled WIFUPAKIOZ, it crumbles to dust.
Your body is wracked with pain!
* * * LOW HITPOINT WARNING * * *
Blork the orc convulses!
The adder convulses!
It was a scroll of torment.
Blork the orc begins to cast a cantrip, but forgets the words!
You feel better.
Blork the orc points at you and mumbles some strange words.
The puff of flame hits you!
* * * LOW HITPOINT WARNING * * *
You block Blork the orc's attack.
You feel yourself speed up.
Blork the orc screams, "I don't like you!"
You block Blork the orc's attack.
Blork the orc points at you and mumbles some strange words.
The puff of frost hits you!
You die...

###.#####
#######<....o..
.......[....#
#.# #.# #S# #o#
#.######.#
#......@.#
#######..##.###.
#.........
#.###.#### #.# #
#.# #.#
#########.#
#.........#


You could see Blork the orc (fast, very poisoned) and an adder.

Vanquished Creatures
  An iguana (D:4)
  2 orc wizards (D:4)
  An adder (D:2)
  A worm (D:4)
  A dart slug (D:2)
  2 orcs (D:4)
  3 ball pythons
  3 endoplasms
  3 giant cockroaches
  5 goblins
  7 hobgoblins
  4 jackals (D:1)
  4 quokkas
  5 bats
  5 frilled lizards
  3 kobolds
  9 rats
59 creatures vanquished.

Notes
Turn   | Place    | Note
-------+----------+-------------------------------------------
     0 | D:1      | Ezendos the Ogre Venom Mage began the quest for the Orb.
     0 | D:1      | Reached XP level 1. HP: 16/16 MP: 3/3
   221 | D:1      | Reached skill level 1 in Fighting
   313 | D:1      | Reached XP level 2. HP: 27/27 MP: 3/5
  1234 | D:1      | Reached XP level 3. HP: 26/35 MP: 3/7
  1396 | D:1      | Found a faded altar of an unknown god.
  1834 | D:2      | Learned a level 2 spell: Poisonous Vapours
  2524 | D:2      | Reached XP level 4. HP: 26/44 MP: 1/9
  3375 | D:3      | Found a radiant altar of Vehumet.
  3378 | D:3      | Found a basalt altar of Yredelemnul.
  3765 | D:3      | Became a worshipper of Vehumet
  4165 | D:4      | Reached skill level 1 in Air Magic
  4271 | D:4      | Reached XP level 5. HP: 53/53 MP: 2/10
  4459 | D:4      | Noticed Blork the orc
  4475 | D:4      | Killed from afar by Blork the orc

Illustrated notes

Levels and vault maps discovered:
D:1:      minmay_arrival_up_and_down, layout_basic,
          ebering_ecumenical_altar_rust
D:2:      layout_basic
D:3:      layout_loops_corners, chequers_temple_overflow_statue_of_worship
D:4:      layout_loops_ring, chequers_serial_rivers_room_b, uniq_ijyb,
          uniq_blork_the_orc, uniq_natasha

Skill      XL: |  1  2  3  4 |
---------------+-------------+-----
Fighting       | 1 2 3 |  3.2
Poison Magic   | 3 |  3.5
Spellcasting   | 3 |  3.8
Air Magic      | 1 |  1.3
Dodging        | |  1.7
Stealth        | |  1.4
Transmutations | |  0.8

Action                   |  1- 3 |  4- 6 || total
-------------------------+-------+-------++-------
Melee: Unarmed           |     2 |       ||     2
       Short sword       |    40 |       ||    40
       Dagger            |       |    26 ||    26
 Cast: Sting             |    67 |    18 ||    85
       Poisonous Vapours |    18 |    16 ||    34
  Use: Scroll            |       |     5 ||     5
       Potion            |       |     2 ||     2
Armor: Robe              |    25 |     5 ||    30
Dodge: Dodged            |    38 |     4 ||    42
Block: Other             |       |     7 ||     7

Table legend: (Time is in decaauts)
 A = Elapsed time spent in this place.
 B = Non-inter-level travel time spent in this place.
 C = Inter-level travel time spent in this place.
 D = Time resting spent in this place.
 E = Time spent auto-exploring this place.
 F = Levels seen in this place.
 G = Mean time per level.
                   A        B        C        D        E       F      G
               +--------+--------+--------+--------+--------+-----+--------+
         Total |   4479 |   4319 |    160 |    329 |   3411 |   4 | 1119.8 |
       Dungeon |   4479 |   4319 |    160 |    329 |   3411 |   4 | 1119.8 |
               +--------+--------+--------+--------+--------+-----+--------+

Top non-repeatable levels by time:
     D:1: 1720 daAuts
     D:2: 1156 daAuts
     D:3: 950 daAuts
     D:4: 653 daAuts
